Cogmind - Beta 15 @@@ ROGUE MODE // 2025.05.16 @ 15:20:19 Player: Miles Result: Destroyed by D-53 Grenadier with Mini Grenade Launcher Performance ------------- Evolutions (1) 500 Regions Visited (3) 600 Robots Destroyed (22) 110 Value Destroyed (401) 401 Prototype IDs (1) 20 Alien Tech Used (0) 0 Bonus (0) 0 TOTAL SCORE: 1631 Bonus ------- None Cogmind --------- Core Integrity 0/400 Matter 270/300 Energy 292/300 System Corruption 4% Temperature Cool (1) Movement Core (100) Ox1 Location -9/Mines Parts ------- > --- POWER (1) -------- (None) > --- PROPULSION (3) --- (None) > --- UTILITY (3) ------ Compact Battery > --- WEAPON (2) ------- Beam Rifle > --- INVENTORY (5) ---- Compact Battery (200) Trap Scanner ECM Suite Light Cannon Peak State ------------ > --- POWER ------------ Light Ion Engine > --- PROPULSION ------- Carbon-fiber Leg Carbon-fiber Leg Carbon-fiber Leg > --- UTILITY ---------- Small Storage Unit Trap Scanner Propulsion Shielding > --- WEAPON ----------- Heavy EM Shotgun Medium Laser > --- INVENTORY -------- Wheel Wheel Compact Battery Compact Battery Small Laser Particle Gun Light Cannon Grenade Launcher [Rating: 21] Favorites ----------- Power Light Ion Engine Engine Light Ion Engine Propulsion Wheel Leg Carbon-fiber Leg Wheel Wheel Flight Unit Flight Unit Utility Small Storage Unit Device ECM Suite Storage Small Storage Unit Protection Propulsion Shielding Weapon Medium Laser Energy Gun Medium Laser Ballistic Cannon Light Cannon Launcher Grenade Launcher Build | -11 -10 -9 -9 ------- Run | Yrd Mat Mat Min Slots Evolved 2 | . . 2 . Power . | . . . . Propulsion 1 | . . 1 . Utility 1 | . . 1 . Weapon . | . . . . Parts Attached 33 | 8 1 22 2 Power 4 | 2 . 2 . Engine 4 | 2 . 2 . Core . | . . . . Reactor . | . . . . Propulsion 15 | 2 . 12 1 Treads . | . . . . Leg 3 | . . 3 . Wheel 5 | 2 . 3 . Hover . | . . . . Flight 7 | . . 6 1 Utility 6 | 2 1 3 . Device 3 | 1 . 2 . Storage 2 | 1 . 1 . Processor . | . . . . Hackware . | . . . . Protection 1 | . 1 . . Artifact . | . . . . Weapon 8 | 2 . 5 1 Energy Gun 6 | 2 . 3 1 Energy Cannon . | . . . . Ballistic Gun . | . . . . Ballistic Cannon 1 | . . 1 . Launcher 1 | . . 1 . Special Weapon . | . . . . Impact Weapon . | . . . . Slashing Weapon . | . . . . Piercing Weapon . | . . . . Special Melee Weapon . | . . . . Unidentified Prototypes 1 | . . 1 . Parts Lost 15 | . . 7 8 Power 3 | . . 2 1 Propulsion 7 | . . 3 4 Utility 2 | . . 1 1 Weapon 3 | . . 1 2 Highest Loss Streak 8 | . . 3 8 To Critical Strikes . | . . . . Average Backups 7 | 3 7 7 6 Power . | . 1 . . Propulsion 1 | 1 4 1 . Utility 2 | . 1 2 3 Weapon 2 | 1 1 2 2 Tool/Special . | . . . . Unused Backups 9 | 1 3 4 1 Power 1 | . . 1 . Propulsion 3 | 1 . 2 . Utility 4 | . 2 1 1 Weapon 1 | . 1 . . Tool/Special . | . . . . Average Slot Usage (%) 84 | . 100 82 61 Engine 10 | . 14 10 8 Leg 4 | . . 5 . Wheel 13 | . 28 11 . Flight 13 | . . 14 27 Device 5 | . 7 6 . Storage 12 | . 14 11 13 Protection 5 | . 6 5 . Energy Gun 18 | . 28 16 11 Peak Build Rating 21 | 10 10 21 11 Average Rating 10 | 6 8 11 9 On Entrance 6 | . 10 7 10 Naked Turns . | . . . . Heaviest Build 17 | 14 14 17 14 Greatest Support 45 | 20 20 45 12 Greatest Overweight (x) 3 | . . 3 2 Average Overweight (x) . | . . . . Largest Inventory Capacity 8 | 8 8 8 8 Average Capacity 7 | 7 8 8 7 Most Carried 8 | 8 8 8 8 Average Carried 7 | 3 7 7 6 Final Capacity 8 | 8 8 8 5 Final Carried 8 | 8 8 8 4 Class Distribution -------------------- 68% | Mutant 18% | Sprinter 12% | Scavenger-Mutant Dominant Class ---------------- Mutant | -10/Materials Mutant | -9/Materials Sprinter | -9/Mines Resources | -11 -10 -9 -9 ----------- Run | Yrd Mat Mat Min Matter Collected 539 | 280 . 249 10 Remotely . | . . . . Salvage Created 747 | 199 . 537 11 Parts 46 | 13 . 33 . Haulers Intercepted . | . . . . Recyclers Shooed 3 | 2 1 . . Parts Field Recycled . | . . . . Retrieved Matter . | . . . . Parts Self-Destructed . | . . . . Prevented . | . . . . Kills | -11 -10 -9 -9 ------- Run | Yrd Mat Mat Min Combat Hostiles Destroyed 22 | . . 15 7 Guns 12 | . . 12 . Cannons 2 | . . 2 . AOE 8 | . . 1 7 Classes Destroyed 7 | 3 . 3 1 Worker 1 | 1 . . . Tunneler 5 | 5 . . . Recycler 1 | 1 . . . Swarmer 9 | . . 9 . Grunt 1 | . . 1 . Sentry 5 | . . 5 . Assembled 7 | . . . 7 Best Kill Streak 7 | 4 . 6 7 Combat Bots Only 7 | . . 6 7 Max Kills in Single Turn 4 | 1 . 1 4 Gunslinging . | . . . . Exploded 4 | . . 1 4 Melee . | . . . . Uniques/NPCs Destroyed . | . . . . Combat | -11 -10 -9 -9 -------- Run | Yrd Mat Mat Min Hostile Shots Fired 157 | . . 131 26 Missed 45 | . . 41 4 Hits 112 | . . 90 22 Melee 2 | . . . 2 Projectile 110 | . . 90 20 AOE 8 | . . . 8 Critical Strikes 1 | . . 1 . Part Disruptions 1 | . . . 1 Damage Taken 1484 | . 22 868 594 Core 439 | . 20 209 210 Absorbed by Shields . | . . . . Redirected to Shielding 50 | . . 50 . Core Remaining (%) 96 | 100 92 . . Volleys Fired 85 | 26 2 53 4 Largest 2 | 2 2 2 1 Hottest 100 | 90 90 100 56 Shots Fired 129 | 42 4 79 4 Gun 123 | 42 4 76 1 Cannon 2 | . . 2 . Launcher 4 | . . 1 3 Special . | . . . . Kinetic 2 | . . 2 . Thermal 111 | 42 4 64 1 Explosive 4 | . . 1 3 Electromagnetic 12 | . . 12 . Robot Hit Streak 17 | 9 1 17 3 Robot Miss Streak 8 | 4 2 8 1 Penetration Max . | . . . . Secondary Targets 2 | . . 2 . Max Gunslinging Chain 1 | . . 1 . Shots Hit Robots 89 | 27 1 59 2 Core Hits 72 | 8 1 37 26 Critical Kills . | . . . . Critical Parts Destroyed . | . . . . Critical Strikes 4 | 1 . 3 . Burn 4 | 1 . 3 . Melee Attacks . | . . . . Impact . | . . . . Slashing . | . . . . Piercing . | . . . . Sneak Attacks . | . . . . Combat Hostiles . | . . . . Follow-up Attacks . | . . . . Damage Inflicted 1759 | 339 17 823 580 Guns 1126 | 339 12 761 14 Cannons 32 | . . 32 . Explosions 589 | . . 23 566 Melee . | . . . . Ramming 12 | . 5 7 . Kinetic 32 | . . 32 . Thermal 991 | 339 12 626 14 Explosive 589 | . . 23 566 Electromagnetic 135 | . . 135 . Impact . | . . . . Slashing . | . . . . Piercing . | . . . . Highest Corruption 4 | . 1 . 4 Average Corruption 1 | . 1 . 4 Corruption Purged . | . . . . Corruption Blocked . | . . . . Effects 3 | . 2 . 1 Message Errors 2 | . 1 . 1 Heat Flow Errors 1 | . 1 . . Overload Shots . | . . . . Overflow Damage 21 | . . . 21 Projectiles . | . . . . Explosions 21 | . . . 21 Melee . | . . . . Knockbacks . | . . . . Impact . | . . . . Kinetic . | . . . . Secondary . | . . . . Self-Inflicted Damage 40 | . 2 3 35 Shots 2 | . . . 2 Rammed 2 | . 1 1 . Targets Rammed 2 | . 1 1 . Kicked . | . . . . Crushed . | . . . . Highest Temperature 310 | 310 191 198 36 Average Temperature 86 | 153 71 59 17 Received Heat Transfer 283 | . . 174 109 Effects 3 | 3 . . . Energy Bleed 2 | 2 . . . Interference 1 | 1 . . . Siege Activations . | . . . . Martial Activations . | . . . . Shielding Activations . | . . . . Robots Disrupted . | . . . . Combat Hostiles . | . . . . Robots Corrupted . | . . . . Combat Hostiles . | . . . . Parts Fried . | . . . . Impact Corruptions . | . . . . Robots Melted . | . . . . Combat Hostiles . | . . . . Parts Melted 7 | 2 . 5 . Heat Transferred 2583 | 991 37 1518 37 Parts Sabotaged . | . . . . Parts Stolen . | . . . . Parts Stripped . | . . . . Power Chain Reactions . | . . . . Alert | -11 -10 -9 -9 ------- Run | Yrd Mat Mat Min Maximum Alert Level 1 | . . 1 . Low Security (%) 83 | 100 100 74 100 Level 1 16 | . . 25 . Level 2 . | . . . . Level 3 . | . . . . Level 4 . | . . . . Level 5 . | . . . . High Security . | . . . . Max Security . | . . . . Peak Influence 234 | 10 5 234 85 Initial 85 | . . . 85 Average 62 | 2 . 92 59 Influence Increases 616 | 35 5 556 20 Destroy 0b10 Robot/C 300 | . . 300 . Destroy 0b10 Robot/NC 50 | 35 . 15 . Destroy Leader 70 | . . 70 . Successful Hack 18 | . 5 13 . Disable Machine 15 | . . 15 . Destroy Structure 28 | . . 8 20 Partial Spotted 30 | . . 30 . Lose Combat Pursuer 105 | . . 105 . Influence Decreases 616 | 35 5 337 239 Entered New Map 134 | . . . 134 Time Decay 340 | 35 5 270 30 Lost Part 127 | . . 67 60 Lost Ally 15 | . . . 15 Squads Dispatched 3 | . 2 1 . Investigation 2 | . 1 1 . Extermination . | . . . . Reinforcement 1 | . 1 . . Assault . | . . . . Garrison . | . . . . Intercept . | . . . . Searches Triggered . | . . . . Construction Impeded . | . . . . Haulers Reinforced . | . . . . Active Scanning Responses . | . . . . Cargo Convoy Interrupts . | . . . . Stealth | -11 -10 -9 -9 --------- Run | Yrd Mat Mat Min Distress Signals 2 | . . 2 . Communications Jammed . | . . . . Distress Signals . | . . . . Times Spotted 62 | . 2 36 24 Peak Tracking Total 20 | . 2 9 20 Tactical Retreats 6 | . . 6 . Traps | -11 -10 -9 -9 ------- Run | Yrd Mat Mat Min Traps Triggered 3 | . 2 1 . Indirectly . | . . . . Trap Hack Attempts . | . . . . Triggered . | . . . . Disarmed . | . . . . Reprogrammed . | . . . . Reused . | . . . . Traps Extracted . | . . . . Installed . | . . . . Triggered . | . . . . Machines | -11 -10 -9 -9 ---------- Run | Yrd Mat Mat Min Machines Disabled 1 | . . 1 . Max in Single Turn 1 | . . 1 . Machines Repaired . | . . . . Machines Dismantled . | . . . . Machines Sabotaged . | . . . . Overloaded Fab Kills . | . . . . Hacking | -11 -10 -9 -9 --------- Run | Yrd Mat Mat Min Machines Accessed 3 | . 2 1 . Terminals 3 | . 2 1 . Fabricators . | . . . . Repair Stations . | . . . . Recycling Units . | . . . . Scanalyzers . | . . . . Garrison Access . | . . . . Total Hacks 9 | . 5 4 . Successful 5 | . 3 2 . Failed 4 | . 2 2 . Catastrophic 1 | . 1 . . Database Lockouts . | . . . . Manual 9 | . 5 4 . Terminals 9 | . 5 4 . Fabricators . | . . . . Repair Stations . | . . . . Recycling Units . | . . . . Scanalyzers . | . . . . Garrison Access . | . . . . Terminal Hacks 2 | . 1 1 . Part Schematic 1 | . . 1 . Level Access Points 1 | . 1 . . Fabricator Hacks . | . . . . Repair Station Hacks . | . . . . Recycling Unit Hacks . | . . . . Scanalyzer . | . . . . Garrison Access Hacks . | . . . . Unauthorized Hacks 3 | . 2 1 . Terminals 3 | . 2 1 . Botnet 2 | . 2 . . Operators 1 | . . 1 . Fabricators . | . . . . Repair Stations . | . . . . Recycling Units . | . . . . Scanalyzers . | . . . . Garrison Access . | . . . . Data Cores Recovered . | . . . . Used . | . . . . Hacking Detections 3 | . 2 1 . Full Trace Events 2 | . 1 1 . Feedback Events . | . . . . Feedback Blocked . | . . . . Robot Schematics Acquired . | . . . . Robots Built . | . . . . Authchips . | . . . . Time . | . . . . Total Robot Build Rating . | . . . . Part Schematics Acquired 1 | . . 1 . Parts Built . | . . . . Authchips . | . . . . Time . | . . . . Total Part Build Rating . | . . . . Parts Repaired . | . . . . Time . | . . . . Parts Recycled . | . . . . Recycled Matter . | . . . . Retrieved Matter . | . . . . Retrieved Components . | . . . . Parts Scanalyzed . | . . . . Part Schematics Acquired . | . . . . Parts Damaged . | . . . . Bothacking | -11 -10 -9 -9 ------------ Run | Yrd Mat Mat Min Used RIF Installer . | . . . . Robots Hacked . | . . . . Non-combat . | . . . . Combat . | . . . . Robot Hacks Applied . | . . . . Relay Couplers Released . | . . . . Fabnet Peak Effective % . | . . . . Robots Rewired . | . . . . Allies Hacked . | . . . . Hacks Repelled . | . . . . Allies | -11 -10 -9 -9 -------- Run | Yrd Mat Mat Min Total Allies 3 | . . . 3 Largest Group 3 | . . . 3 Highest-Rated Group 40 | . . . 40 Highest-Rated Ally 16 | . . . 16 Total Orders 7 | . . . 7 FOLLOW 3 | . . . 3 AID 4 | . . . 4 Ally Attacks 16 | . . . 16 Total Damage 136 | . . . 136 Kills 1 | . . . 1 Allies Corrupted . | . . . . Allies Melted . | . . . . Intel | -11 -10 -9 -9 ------- Run | Yrd Mat Mat Min Active Infowar (turns) 650 | 100 102 448 . Terrain 202 | 100 102 . . Traps 139 | . . 139 . ECM 309 | . . 309 . Robot Analysis Total . | . . . . Derelict Logs Recovered . | . . . . Drone Launches . | . . . . Drone Recoveries . | . . . . Exploration | -11 -10 -9 -9 ------------- Run | Yrd Mat Mat Min Turns Passed 1297 | 210 190 825 72 Spaces Moved 1693 | 145 219 1180 149 Core 3 | 2 . 1 . Treads . | . . . . Legs 88 | . . 88 . Wheels 627 | 143 219 265 . Hover . | . . . . Flight 975 | . . 826 149 Fastest Speed 30 | 50 80 30 30 Average Speed 55 | 79 80 49 40 Slowest Speed 200 | 80 80 200 200 Overloaded Moves . | . . . . Propulsion Burnouts . | . . . . Robots Hopped 12 | . . 12 . Potential Cave-ins . | . . . . Cave-ins Triggered . | . . . . Exploration Rate (%) 30 | 5 39 56 20 Regions Visited 3 Branch Regions 1 Pre-discovered Areas . | . . . . Known Exits Taken 1 | . 1 . . Unknown Exits Taken 2 | 1 . 1 . Scrap Searched 1 | . . . 1 Spaces Dug . | . . . . Terrain Destroyed 34 | . . 8 26 Melee . | . . . . Projectile . | . . . . AOE 34 | . . 8 26 Terrain Rammed . | . . . . Walls Destroyed . | . . . . Machines Disabled . | . . . . Actions | -11 -10 -9 -9 --------- Run | Yrd Mat Mat Min Total 1913 | 197 230 1329 157 Wait 47 | . . 47 . Move 1667 | 144 218 1156 149 Hop 11 | . . 11 . Pick Up 34 | 17 3 14 . Fast Attach 12 | . 2 10 . Attach 24 | 7 . 13 4 Detach 5 | . . 5 . Swap 3 | 1 . 2 . Drop 23 | 2 4 17 . Fire 85 | 26 2 53 4 Melee . | . . . . Ram 2 | . 1 1 . Kick . | . . . . Crush . | . . . . Escape Stasis . | . . . . Rewire . | . . . . Trap . | . . . . Miscellaneous . | . . . . Route ------- -11/Scrapyard -10/Materials (discovered 4 exits: *Mat x3 / [*Min]) -9/Materials (discovered 2 exits: [*Min x2]) -9/Mines History --------- Turn | Location | Event 25 | -11/Scrapyard | Discovered new exit (range 16) 211 | -11/Scrapyard | Entered Materials 215 | -10/Materials | Identified exit to Materials 336 | -10/Materials | Build established: Mutant 357 | -10/Materials | Discovered new exit (range 10) 401 | -10/Materials | Entered another Materials area 401 | -9/Materials | Evolved 2 slots: Propulsion x1, Utility x1 858 | -9/Materials | Lost 3 parts (1p1u1w) 884 | -9/Materials | Discovered new exit (range 15) 953 | -9/Materials | Core integrity fell below 50% 1219 | -9/Materials | Discovered new exit (range 4) 1226 | -9/Materials | Entered Mines 1233 | -9/Mines | Assisted by bots powering up and referring to "LRC-V3" 1264 | -9/Mines | Assembled infested the area 1294 | -9/Mines | Destroyed 7 combat bots 1296 | -9/Mines | Core integrity fell below 20% 1298 | -9/Mines | Destroyed by D-53 Grenadier with Mini Grenade Launcher Last Messages --------------- 01279_ as-82922 destroyed. 01280_ as-53232 sneak attacks. 01282_ as-53232 destroyed. 01283_ U-05 Engineer builds a Wall. 01284_ The unstable cave ceiling collapses. 01284_ Spread Laser destroyed. 01285_ as-24689 destroyed. 01285_ U-05 Engineer destroyed. 01285_ as-44667 destroyed. 01286_ U-05 Engineer destroyed. 01286_ as-73208 destroyed. 01287_ as-41421 destroyed. 01287_ as-43518 destroyed. 01288_ as-00063 destroyed. 01289_ Trooper 2a destroyed. 01291_ Trooper 2b destroyed. 01291_ Sml. Storage Unit destroyed. 01292_ &/AD3KXRGVCMQJIB|K9RQL>RYKOZ%F 01293_ Mercenary 2a destroyed. 01297_ Flight Unit destroyed. Map ----- +----------------------------------------------------+ | ?????????????????????????????????????????????????? | | ?????????????????????????????????????????????????? | | ?????????????????????????????????????????????????? | | ?????????????????????????????????????????????????? | | ?????????????????????????????????????????????????? | | ?????????????????????????????????????????????????? | | ??????????????????????? ???????????????????????? | | ??????????????????????# " ???????????????????????? | | ?????????????????????# ???????????????????????? | | ????????????????????## ???????????????????????? | | ???????????????????? ???????????????????????? | | ???????????????????? ???????????????????????? | | ??????????????????### %##??????????????????????? | | ?????????????????## ####???????????????????? | | ?????????????????# #???????????????????? | | ?????????????????# ##??????????????????? | | ?????????????????# r ##?????????????????? | | ?????????????????# *%= ##????????????????? | | ?????????????????# ##???????????????? | | ??????????????????# % =%r ????????????????? | | ???????????????????# # g ?????????????????? | | ???????????????????# d ??????????????????? | | ???????????????????# #???????????????????? | | ???????????????????# d #???????????????????? | | ???????????????????# #???????????????????? | | ???????????????????# @ #???????????????????? | | ???????????????????# #???????????????????? | | ???????????????????# #??????????????????? | | ?????????????????### ##??????????????????? | | ???????????????### #???????????????????? | | ???????????????# ##???????????????????? | | ???????????????# ###????????????????????? | | ???????????????# # #??????????????????????? | | ???????????????# ## #??????????????????????? | | ???????????????# ###### #??????????????????????? | | ???????????????# #????# #??????????????????????? | | ???????????????# #????# #??????????????????????? | | ???????????????# #?#### ??????????????????????? | | ?????????????### ## #####?????????????????????? | | ????????????## ##??????????????????????? | | ???????????## #??????????????????????? | | ???????????# #??????????????????????? | | ???????????# ##??????????????????????? | | ???????????## ## ##???????????????????????? | | ????????????## ### ##????????????????????????? | | ?????????????# #?## ##?????????????????????????? | | ?????????????# ###?####??????????????????????????? | | ?????????????# #???????????????????????????????? | | ?????????????### #???????????????????????????????? | | ???????????????# ######??????????????????????????? | +----------------------------------------------------+ Best States ------------- Heat Dissipation 28 Energy Generation 10 Energy Capacity 300 Matter Stores 300 Matter Capacity 300 Sight Range 16 Terrain Scan Range 16 Terrain Scan Density 10 ECM Strength 1 Propulsion Shielding 33 Evasion (%) 64 Item Schematics ----------------- VTOL Module | -9/Materials | Hacked Robot Schematics ------------------ None Fabricated ------------ Nothing Repaired ---------- Nothing Alien Tech Used ----------------- None Achievements -------------- Hunted Challenges ------------ None Game ------ Seed TeslaGreatBlasthammer Manual? 0 Play Time 00:24:04 Cumulative 23.0 hours Start 2025.05.16 @ 14:58:52 End 2025.05.16 @ 15:20:19 Sessions 1 Manual Loads 0 Difficulty Rogue Special Mode None Game No. 46 Rogue 46 Adventurer 0 Explorer 0 Win Type - Total 0 Types 0/0/0/0/0/0/0/0/0/0 Lore% 6 Gallery% 22 Achievement% 18 Wizard Run 0 Options --------- Layout 1 ASCII 0 Keyboard 0 Movement Mouse Keybinds 0 Fullscreen 1 Font 24/Smallcaps Map View 50x35 Zoom Use 0% Tactical HUD 1 Map Filters NONE Filters NONE Steam 1 RUN: 832f7508-c577-4731-b3ae-79c26b81c0ab